 Dungeon Crawl Stone Soup version 0.18.1-8-gdd0e5ea (webtiles) character file.

236 juanjsm the Changer (level 6, -6/38 HPs)
             Began as an Octopode Transmuter on June 7, 2016.
             Mangled by an orc warrior
             ... wielding a +0 battleaxe
              (26 damage)
             ... on level 4 of the Dungeon.
             The game lasted 00:22:37 (3863 turns).

juanjsm the Changer (Octopode Transmuter)           Turns: 3863, Time: 00:22:38

Health: -6/38      AC:  2    Str:  9    XL:     6   Next: 6%
Magic:  6/9        EV: 20    Int: 17    God:
Gold:   251        SH:  0    Dex: 18    Spells: 3 memorised, 3 levels left

rFire  . . .     SeeInvis .       - Unarmed
rCold  + . .     Gourm    .     (shield currently unavailable)
rNeg   . . .     Faith    .     (helmet currently unavailable)
rPois  x         Spirit   .     (no amulet)
rElec  .         Dismiss  .     u - ring of protection from cold
rCorr  .         Reflect  .     (no ring)
SustAt .         Harm     .     (no ring)
MR     .....                    (no ring)
Stlth  ++........               (no ring)
                                (no ring)
                                (no ring)
                                (no ring)

@: spider-form, not resistant to hostile enchantments, unstealthy
A: almost no armour, (amphibious), 8 rings, (constrict 8), (camouflage 0),
(gelatinous body 0)
a: End Transformation


You were on level 4 of the Dungeon.
You were not hungry.
You were a venomous arachnid creature.
You visited 1 branch of the dungeon, and saw 4 of its levels.

You collected 251 gold pieces.

Inventory:

Hand Weapons
 d - a +1 hunting sling of freezing
 j - a +0 dagger
Missiles
 a - 18 arrows
 f - 107 stones (quivered)
 g - 57 sling bullets
 h - 4 needles of sleeping
 l - 22 bolts
Jewellery
 u - a ring of protection from cold (left front leg)
Wands
 y - a wand of digging (14/24)
Scrolls
 e - a scroll of enchant weapon {unknown}
 i - 2 scrolls of remove curse {unknown}
 k - 2 scrolls of identify {unknown}
 m - a scroll of immolation {unknown}
 n - 2 scrolls of teleportation {unknown}
 o - a scroll of enchant armour {unknown}
 x - 3 scrolls of magic mapping {unknown}
 A - a scroll of recharging {unknown}
Potions
 q - 3 potions of agility {unknown}
 r - a potion of berserk rage {unknown}
 s - a potion of lignification {unknown}
 t - 2 potions of curing
 w - a potion of heal wounds {unknown}
 B - a potion of might {unknown}
 C - a potion of magic {unknown}
Books
 b - a book of Changes

   Spells                             Type                      Level
   a - Beastly Appendage              Transmutation                1
   b - Sticks to Snakes               Transmutation                2
   c - Spider Form                    Transmutation/Poison         3
   d - Ice Form                       Ice/Transmutation            4
   e - Blade Hands                    Transmutation                5
 v - Jessica's Papyrus of the Compass
   (You found it on level 2 of the Dungeon)

   Spells                             Type                      Level
   a - Shroud of Golubria             Charms/Translocation         2
Comestibles
 c - 3 bread rations
 p - a slice of pizza
 z - a meat ration
 D - a royal jelly


   Skills:
 - Level 1.1 Fighting
 - Level 2.2 Dodging
 - Level 0.4 Stealth
 - Level 3.7 Unarmed Combat
 - Level 2.2 Spellcasting
 * Level 5.4 Transmutations


You had 3 spell levels left.
You knew the following spells:

 Your Spells              Type           Power        Failure   Level  Hunger
a - Beastly Appendage     Trmt           ###...       10%         1    #......
b - Sticks to Snakes      Trmt           ###.....     12%         2    ###....
c - Spider Form           Trmt/Pois      ##........   41%         3    ###....


Dungeon Overview and Level Annotations

Branches:
Dungeon (4/15)
 Temple: D:4-7

Altars:
Kikubaaqudgha
Xom
Zin

Annotations:
D:2 Natasha


Innate Abilities, Weirdness & Mutations

You cannot wear most types of armour.
((You are amphibious.))
You can wear up to eight rings at the same time.
((You can use your tentacles to constrict eight enemies at once.))
((Your skin changes colour to match your surroundings (Stealth).))
((Your rubbery body absorbs attacks (AC +1).))


Message History

You tentacle-slap the orc warrior.
The orc warrior is lightly wounded.
You constrict the orc warrior, but do no damage.
The orc warrior closely misses you.
You barely miss the orc warrior.
Your tentacle-slap misses the orc warrior.
You squeeze the orc warrior.
The orc warrior is moderately wounded.
You constrict the orc warrior, but do no damage.
The orc warrior hits you with a battleaxe!
Casting: Beastly Appendage
Confirm with . or Enter, or press ? or * to list all spells.
Your tentacle spike disappears.
You turn into a venomous arachnid creature.
You lose your grip on the orc warrior.
You hit the orc warrior.
The orc warrior is poisoned.
The orc warrior is heavily wounded.
The orc warrior hits you with a battleaxe!!
Ouch! That really hurt!
You die...

#....#..#..#.#....##
.....##.#.##.......#
........#..........##
........###.........#
.....#..............#
?....#........<.....#
######.#............#
#.##............#
#s#.............#
#o#.............#
o###...........## .o
##..........# ...
#.........## ....
..... ......


You could see an orc warrior and 2 orcs.

Vanquished Creatures
  Jessica (D:2)
  Natasha (D:2)
  An orc wizard (D:3)
  2 adders
  3 gnolls
  2 oozes
  5 worms
  4 dart slugs
  A giant gecko (D:4)
  4 orcs
  8 bats
  4 giant cockroaches
  7 hobgoblins
  6 jackals (D:1)
  11 kobolds
  A quokka (D:2)
  2 ball pythons
  6 giant newts
  4 goblins
  6 rats
79 creatures vanquished.

Vanquished Creatures (collateral kills)
  2 gnolls (D:3)
2 creatures vanquished.

Grand Total: 81 creatures vanquished

Notes
Turn   | Place    | Note
--------------------------------------------------------------
     0 | D:1      | juanjsm the Octopode Transmuter began the quest for the Orb.
     0 | D:1      | Reached XP level 1. HP: 13/13 MP: 3/3
   222 | D:1      | Reached XP level 2. HP: 12/18 MP: 5/5
   226 | D:1      | Learned a level 2 spell: Sticks to Snakes
   321 | D:2      | Found a glowing silver altar of Zin.
   794 | D:1      | Reached XP level 3. HP: 18/23 MP: 4/6
   799 | D:1      | Learned a level 3 spell: Spider Form
   935 | D:1      | HP: 1/23 [jackal (2)]
  1873 | D:2      | Reached skill level 3 in Transmutations
  1873 | D:2      | Reached XP level 4. HP: 26/28 MP: 7/7
  1933 | D:2      | Noticed Natasha
  2256 | D:2      | Found a shimmering altar of Xom.
  2427 | D:2      | Killed Natasha
  2450 | D:2      | Noticed Jessica
  2513 | D:2      | Killed Jessica
  2513 | D:2      | Reached skill level 4 in Transmutations
  2513 | D:2      | Reached XP level 5. HP: 31/33 MP: 2/8
  2517 | D:2      | Identified Jessica's Papyrus of the Compass
  2818 | D:3      | Found a faded altar to an unknown god.
  2896 | D:3      | Noticed an ice beast
  2988 | D:3      | Reached skill level 5 in Transmutations
  3344 | D:3      | Found an ancient bone altar of Kikubaaqudgha.
  3405 | D:3      | Reached XP level 6. HP: 36/38 MP: 5/9
  3656 | D:2      | Noticed Natasha
  3856 | D:4      | Noticed an orc warrior
  3863 | D:4      | Mangled by an orc warrior

Skill      XL: |  1  2  3  4  5 |
---------------+----------------+-----
Transmutations | 3 4 5 |  5.4
Fighting       | |  1.1
Dodging        | |  2.2
Stealth        | |  0.4
Unarmed Combat | |  3.7
Spellcasting   | |  2.2

Action                   |  1- 3 |  4- 6 || total
-------------------------+-------+-------++-------
Melee: Unarmed           |   100 |   109 ||   209
       Constrict         |    30 |    21 ||    51
       Tentacles         |    14 |    16 ||    30
       Kick              |    16 |    17 ||    33
       Punch             |     3 |     2 ||     5
 Cast: Beastly Appendage |    19 |    21 ||    40
       Sticks to Snakes  |     5 |     4 ||     9
       Spider Form       |     2 |     8 ||    10
  Use: Potion            |     1 |       ||     1
 Stab: Sleeping          |     3 |     9 ||    12
       Distracted        |       |     1 ||     1
  Eat: Meat ration       |     1 |     1 ||     2
       Beef jerky        |     1 |       ||     1
Armor: Skin              |    11 |     6 ||    17
Dodge: Dodged            |    71 |    68 ||   139
